 Dungeon Sprint DCSS version 0.28.0-43-g3370ac3207 (webtiles) character file.

Game seed: 1446805225052198306

568 boopmooplesden the Fighter (level 7, -7/75 HPs)
             Began as a Minotaur Berserker on Mar 16, 2022.
             Was a Believer of Trog.
             Mangled by a sun demon (14 damage)
             ... summoned by a kobold demonologist
             ... in the Dungeon (Sprint I: "Red Sonja").
             The game lasted 00:00:47 (684 turns).

boopmooplesden the Fighter (Minotaur Berserker)      Turns: 684, Time: 00:00:47

Health: -7/75      AC:  3    Str: 22    XL:     7   Next: 11%
Magic:  6/6        EV: 13    Int:  4    God:    Trog [**....]
Gold:   270        SH:  0    Dex: 11    Spells: 6/6 levels left

rFire   . . .      SeeInvis .   a - +0 spear
rCold   . . .      Faith    .   (no shield)
rNeg    . . .      Spirit   .   j - +0 leather armour
rPois   .          Reflect  .   (helmet restricted)
rElec   .          Harm     .   (no cloak)
rCorr   .          Rampage  .   (no gloves)
Will    .....      NoTele   +   (no boots)
Stlth   +.........              (no amulet)
HPRegen 0.22/turn               (no ring)
MPRegen 0.10/turn               (no ring)

@: on berserk cooldown, slowed, very slow
A: horns 2, retaliatory headbutt
a: Renounce Religion, Berserk, Trog's Hand


You were in the Dungeon.
You worshipped Trog.
Trog was pleased with you.
You visited 1 branch You collected 270 gold pieces.

Inventory:

Hand Weapons
 a - a +0 spear (weapon)
Armour
 b - a +0 animal skin
 j - a +0 leather armour (worn)
Wands
 i - a wand of mindburst (15)
Scrolls
 h - a scroll of blinking
Potions
 c - a potion of curing
 d - a potion of heal wounds
 e - a potion of haste
 f - 2 potions of magic
 g - a potion of berserk rage


   Skills:
 + Level 11.9 Fighting
 + Level 11.7 Polearms
 + Level 7.0 Armour
 + Level 6.1 Dodging


You had 6 spell levels left.
You didn't know any spells.
Your spell library was empty.

Dungeon Overview and Level Annotations

Branches:
Dungeon (1/1)

Altars:
Makhleb
Xom
Jiyva
Lugonu


Innate Abilities, Weirdness & Mutations

You have a pair of horns on your head.
You reflexively headbutt those who attack you in melee.


Message History

The quasit bites you but does no damage.
The quasit claws you but does no damage.
The quasit claws you.
The kobold demonologist hits you with a +0 dagger.
You hit the kobold demonologist but do no damage.
The kobold demonologist is moderately wounded.
The ufetubus barely misses you. You furiously retaliate!
You headbutt the ufetubus!
You kill the ufetubus!
The ufetubus disappears in a puff of smoke!
The quasit misses you. The quasit closely misses you.
The quasit claws you but does no damage.
The kobold demonologist barely misses you.
You barely miss the kobold demonologist.
The kobold demonologist is moderately wounded.
The quasit bites you.
The quasit claws you but does no damage.
The quasit barely misses you. The sun demon hits you!
You are engulfed in flames!
The kobold demonologist hits you but does no damage.
The kobold demonologist hits you with a +0 dagger.
* * * LOW HITPOINT WARNING * * *
You hit the kobold demonologist.
The kobold demonologist is moderately wounded.
The quasit misses you. The quasit barely misses you.
The quasit claws you but does no damage.
The sun demon hits you but does no damage.
The kobold demonologist hits you with a +0 dagger.
* * * LOW HITPOINT WARNING * * *
The kobold demonologist looks satisfied for a moment.
You hit the kobold demonologist.
The kobold demonologist is moderately wounded.
The quasit misses you.
The quasit claws you but does no damage.
The quasit claws you.
* * * LOW HITPOINT WARNING * * *
The sun demon hits you!
* * * LOW HITPOINT WARNING * * *
You are engulfed in flames!
You die...

####################
').#..'..#__#..5@3.#
#..').#..'..'..#KK.#
##'#####+#__####5..+
#..# #### ##### ####


You could see a sun demon (summoned), 2 kobold demonologists, a quasit
(summoned) and a white imp (summoned).

Vanquished Creatures
  A slime creature (D)
  Sigmund (D)
  A floating eye (D)
  An ogre (D)
  Ijyb (D)
5 creatures vanquished.

Notes
Turn   | Place    | Note
-------+----------+-------------------------------------------
     0 | D        | boopmooplesden the Minotaur Berserker began the quest for
                  | the Orb.
     0 | D        | Reached XP level 1. HP: 19/19 MP: 0/0
     1 | D        | Noticed Ijyb
     7 | D        | HP: 1/28 [disintegration (20)]
    11 | D        | Killed Ijyb
    12 | D        | Reached skill level 5 in Fighting
    12 | D        | Reached skill level 5 in Polearms
    12 | D        | Reached XP level 2. HP: 2/30 MP: 1/1
   288 | D        | Noticed an ogre
   293 | D        | Killed an ogre
   294 | D        | Reached XP level 3. HP: 22/40 MP: 2/2
   294 | D        | Reached XP level 4. HP: 27/48 MP: 3/3
   473 | D        | Noticed Sigmund
   478 | D        | Killed Sigmund
   478 | D        | Reached ** piety under Trog
   479 | D        | Reached skill level 10 in Fighting
   479 | D        | Reached skill level 5 in Armour
   479 | D        | Reached skill level 5 in Dodging
   479 | D        | Reached XP level 5. HP: 58/58 MP: 4/4
   479 | D        | Reached XP level 6. HP: 66/66 MP: 5/5
   622 | D        | Found a burning altar of Makhleb.
   622 | D        | Found a viscous altar of Jiyva.
   622 | D        | Found a shimmering altar of Xom.
   622 | D        | Found a corrupted altar of Lugonu.
   622 | D        | Noticed a slime creature
   629 | D        | Killed a slime creature
   669 | D        | Noticed a kobold demonologist
   669 | D        | Noticed a floating eye
   670 | D        | Noticed a kobold demonologist
   673 | D        | Paralysed by a floating eye for 4 turns
   677 | D        | Noticed a sun demon
   678 | D        | Killed a floating eye
   679 | D        | Reached XP level 7. HP: 58/75 MP: 6/6
   684 | D        | Mangled by a sun demon

Illustrated notes

Levels and vault maps discovered:
D:        dungeon_sprint_1 [red_sonja_temple_1, red_sonja_temple_small_1]

Skill      XL: |  1  2  3  4  5  6 |
---------------+-------------------+-----
Fighting       | 5 7 10 11 | 11.9
Polearms       | 5 7 9 11 | 11.7
Armour         | 3 4 5 7 |  7.0
Dodging        | 3 4 5 6 |  6.1

Action                   |  1- 3 |  4- 6 |  7- 9 || total
-------------------------+-------+-------+-------++-------
Melee: Spear             |    12 |    11 |     6 ||    29
       Headbutt          |     4 |     3 |     1 ||     8
Invok: Berserk           |     2 |     3 |       ||     5
Armor: Leather armour    |       |       |     9 ||     9
Dodge: Dodged            |     3 |     2 |    11 ||    16
